 Dungeon Crawl Stone Soup version 0.23.1-37-gaa34b87 (console) character file.

Game seed: 11747603919362906032

132 jt the Chopper (level 5, 0/36 HPs)
             Began as an Octopode Monk on Mar 26, 2019.
             Slain by a gnoll
             ... wielding a +0 flail
              (7 damage)
             ... on level 3 of the Dungeon.
             The game lasted 00:06:03 (2608 turns).

jt the Chopper (Octopode Monk)                      Turns: 2608, Time: 00:06:03

Health: 0/36       AC:  1    Str: 11    XL:     5   Next: 15%
Magic:  5/5        EV: 15    Int: 12    God:
Gold:   71         SH:  0    Dex: 15    Spells: 4/4 levels left

rFire    . . .     SeeInvis .   a - +1 war axe
rCold    . . .     Gourm    .   (no shield)
rNeg     . . .     Faith    .   (helmet restricted)
rPois    .         Spirit   .   (no amulet)
rElec    .         Reflect  .   i - ring of protection from magic
rCorr    .         Harm     .   (no ring)
MR       +....                  (no ring)
Stlth    +++.......             (no ring)
HPRegen  0.12/turn              (no ring)
MPRegen  0.09/turn              (no ring)
                                (no ring)
                                (no ring)

@: lethally poisoned (0 -> -8), about to teleport
A: almost no armour, stealthy swim, amphibious, 8 rings, constrict 8, camouflage
1, gelatinous body 1
a: no special abilities


You were on level 3 of the Dungeon.
You were not hungry.

You visited 1 branch of the dungeon, and saw 3 of its levels.

You collected 71 gold pieces.

Inventory:

Hand Weapons
 a - a +1 war axe (weapon)
 l - a +0 spear
 o - a +0 hunting sling
 p - a +0 hand axe
 s - a +0 trident
Missiles
 f - 37 stones (quivered)
Jewellery
 i - a ring of protection from magic (left tentacle)
Scrolls
 d - 5 scrolls of identify
 e - a scroll of enchant weapon
 h - a scroll of random uselessness
 j - a scroll of teleportation
Potions
 c - a potion of curing
 g - a potion of lignification {unknown}
 k - a potion of resistance {unknown}
 m - a potion of cancellation {unknown}
 n - a potion of mutation {unknown}
 q - a potion of heal wounds {unknown}
 t - a potion of berserk rage {unknown}
Comestibles
 b - 4 rations
 r - 12 chunks of flesh


   Skills:
 - Level 3.4 Fighting
 + Level 4.7 Axes
 - Level 3.5 Dodging
 - Level 3.5 Stealth


You had 4 spell levels left.
You didn't know any spells.
Your spell library was empty.

Dungeon Overview and Level Annotations

Branches:
Dungeon (3/15)

Altars:

Annotations:
D:2 1 runed translucent door, 1 exclusion, Crazy Yiuf


Innate Abilities, Weirdness & Mutations

You cannot wear most types of armour.
You are very stealthy in the water. (Stealth+)
You are amphibious.
You can wear up to eight rings at the same time.
You can use your tentacles to constrict eight enemies at once.
Your skin changes colour to match your surroundings (Stealth+).
Your rubbery body absorbs attacks. (AC +1, EV +1)


Message History

You feel sick.
* * * LOW HITPOINT WARNING * * *
You feel sick.
It was a potion of curing.
You feel better.
The gnoll hits you from afar with a +2 halberd of venom!
* * * LOW HITPOINT WARNING * * *
You are lethally poisoned!
The gnoll hits you with a +0 flail.
* * * LOW HITPOINT WARNING * * *
As you read the scroll labeled BEULEN UXZOCH, it crumbles to dust.
It is a scroll of identify.
h - a scroll of random uselessness
* * * LOW HITPOINT WARNING * * *
You feel sick. The gnoll closely misses you. The gnoll barely misses you.
As you read the scroll labeled ADIROK HOMODEMN, it crumbles to dust.
You feel strangely unstable.
It was a scroll of teleportation.
* * * LOW HITPOINT WARNING * * *
You feel sick. The gnoll closely misses you.
The gnoll hits you with a +0 flail!
You die...

############# #...........#
#...........# ####
#######...........### ###
.... ..............>...'.#
..# ....
#...........g.....#. ###.#
#### #.........@g......#.gg
...#
#.......#############.g.#.#
#.......# .s.g.g..
#.......# ##.#....
#.......# #####
#.......#######. #
#.......)....... #
#.......#######. #
#....<......... #


You could see 2 gnolls.

Vanquished Creatures
  3 gnolls
  3 adders (D:2)
  2 oozes (D:1)
  2 dart slugs (D:1)
  4 leopard geckos
  5 orcs (D:3)
  A ball python (D:1)
  2 bats
  3 giant cockroaches
  4 goblins
  9 hobgoblins
  6 kobolds
  5 frilled lizards
  6 rats
55 creatures vanquished.

Notes
Turn   | Place    | Note
-------+----------+-------------------------------------------
     0 | D:1      | jt the Octopode Monk began the quest for the Orb.
     0 | D:1      | Reached XP level 1. HP: 16/16 MP: 1/1
   192 | D:1      | Reached XP level 2. HP: 20/21 MP: 2/2
   443 | D:1      | Reached XP level 3. HP: 23/26 MP: 3/3
  1257 | D:2      | Reached XP level 4. HP: 20/31 MP: 4/4
  1276 | D:2      | Found a runed translucent door.
  1360 | D:2      | Noticed Crazy Yiuf
  1908 | D:1      | Reached skill level 4 in Axes
  2453 | D:3      | Found a faded altar of an unknown god.
  2483 | D:3      | Reached XP level 5. HP: 29/36 MP: 5/5
  2608 | D:3      | Slain by a gnoll

Skill      XL: |  1  2  3  4 |
---------------+-------------+-----
Stealth        | 3 |  3.5
Axes           | 4 |  4.7
Fighting       | |  3.4
Dodging        | |  3.5

Action                   |  1- 3 |  4- 6 || total
-------------------------+-------+-------++-------
Melee: Hand axe          |    58 |    65 ||   123
       Constrict         |    15 |    22 ||    37
       Tentacles         |    10 |    10 ||    20
       War axe           |       |     4 ||     4
Throw: Stone             |       |     3 ||     3
  Use: Scroll            |       |     3 ||     3
       Potion            |       |     1 ||     1
 Stab: Sleeping          |     5 |     4 ||     9
       Distracted        |     1 |     1 ||     2
  Eat: Chunk             |     1 |     3 ||     4
       Ration            |       |     1 ||     1
Armor: Skin              |     6 |     3 ||     9
Dodge: Dodged            |    35 |    57 ||    92
